[ AOE2 MATCH · #513478940 ]
UnrankedLithuanians vs Wei
Rival team · LOSS
[ REPLAY ANALYSIS · EXTRACTED FROM THE RECORDED GAME ]
Feudal
12:27
Castle
—
Imperial
—
| APM avg | 60.7 |
| APM peak | 115 |
| eAPM avg | 33.4 |
| Villagers / military | 41 / 15 |
Focus
⚔️ 53.3% · 🌾 46.7%
Archer ×14 · Spearman ×1
Feudal
16:20
Castle
—
Imperial
—
| APM avg | 53.4 |
| APM peak | 103 |
| eAPM avg | 23.4 |
| Villagers / military | 56 / 0 |
Focus
⚔️ 24.3% · 🌾 75.7%
Match map
Initial resources + every placement click. Lines = walls · curves = elevation contours. ◆ gold · ⬟ stone · ● berries · ✦ relic · ◌ wall gap
Your base· Open — unwalled flank
~BroKen~'s base· Open — unwalled flank
Smoothed initial terrain · ◌ = detected wall gap · hover for details
Inputs per minute
— [CL] KleciusPrimeAOE - - ~BroKen~
Build order — [CL] KleciusPrimeAOE
99 actions detected in the replay
| 0:00 | Queue | Villager (Male) |
| 0:01 | Queue | Villager (Male) |
| 0:01 | Queue | Villager (Male) |
| 0:01 | Queue | Villager (Male) |
| 0:01 | Queue | Villager (Male) |
| 0:03 | Build | House |
| 0:05 | Build | House |
| 0:17 | Research | Loom |
| 0:17 | Research | Loom |
| 0:17 | Research | Loom |
| 0:17 | Research | Loom |
| 0:24 | Queue | Villager (Male) |
| 0:30 | Queue | Villager (Male) |
| 1:10 | Queue | Villager (Male) |
| 2:08 | Build | House |
| 2:16 | Queue | Villager (Male) |
| 2:16 | Queue | Villager (Male) |
| 2:16 | Queue | Villager (Male) |
| 3:07 | Build | Palisade Gate |
| 3:21 | Queue | Villager (Male) |
| 3:22 | Queue | Villager (Male) |
| 3:23 | Queue | Villager (Male) |
| 4:18 | Build | Palisade Wall |
| 4:24 | Queue | Villager (Male) |
| 4:25 | Queue | Villager (Male) |
| 4:44 | Queue | Villager (Male) |
| 4:57 | Build | House |
| 5:13 | Build | Palisade Wall |
| 5:32 | Queue | Villager (Male) |
| 5:59 | Queue | Villager (Male) |
| 6:06 | Queue | Villager (Male) |
| 6:06 | Queue | Villager (Male) |
| 6:08 | Build | Lumber Camp |
| 6:14 | Build | Palisade Wall |
| 6:51 | Queue | Villager (Male) |
| 7:09 | Queue | Villager (Male) |
| 7:34 | Queue | Villager (Male) |
| 7:34 | Queue | Villager (Male) |
| 7:34 | Queue | Villager (Male) |
| 7:37 | Build | Palisade Wall |
| 7:48 | Build | Mill |
| 8:00 | Queue | Villager (Male) |
| 8:04 | Build | House |
| 8:06 | Build | Palisade Wall |
| 8:52 | Queue | Villager (Male) |
| 9:02 | Queue | Villager (Male) |
| 9:51 | Queue | Villager (Male) |
| 10:17 | Research | Feudal Age |
| 10:49 | Build | Palisade Wall |
| 10:50 | Build | Palisade Gate |
| 10:52 | Build | House |
| 10:53 | Build | House |
| 10:56 | Build | Palisade Wall |
| 11:20 | Build | Barracks |
| 11:23 | Queue | Villager (Male) |
| 12:08 | Build | Palisade Wall |
| 12:09 | Build | Palisade Wall |
| 12:15 | Queue | Villager (Male) |
| 12:22 | Queue | Villager (Male) |
| 12:27 | Age | Feudal Age |
| 12:30 | Build | Archery Range |
| 12:30 | Queue | Villager (Male) |
| 12:39 | Build | Palisade Wall |
| 12:58 | Build | Mining Camp |
| 13:08 | Queue | Spearman |
| 13:11 | Queue | Archer |
| 13:11 | Queue | Archer |
| 13:23 | Build | Palisade Wall |
| 13:29 | Queue | Villager (Male) |
| 13:45 | Queue | Archer |
| 13:53 | Queue | Archer |
| 13:54 | Queue | Villager (Male) |
| 14:08 | Queue | Villager (Male) |
| 14:11 | Build | House |
| 14:16 | Build | House |
| 14:27 | Queue | Archer |
| 14:27 | Queue | Archer |
| 14:56 | Build | Palisade Wall |
| 15:08 | Build | Blacksmith |
| 15:11 | Queue | Villager (Male) |
| 15:11 | Queue | Villager (Male) |
| 15:11 | Queue | Villager (Male) |
| 15:32 | Build | Watch Tower |
| 15:39 | Queue | Archer |
| 15:39 | Queue | Archer |
| 16:08 | Research | Fletching |
| 16:09 | Research | Fletching |
| 16:52 | Queue | Archer |
| 16:56 | Queue | Villager (Male) |
| 17:00 | Build | House |
| 17:01 | Build | House |
| 17:01 | Build | House |
| 17:22 | Queue | Archer |
| 17:22 | Queue | Archer |
| 17:22 | Queue | Archer |
| 17:35 | Queue | Archer |
| 17:38 | Build | Palisade Wall |
| 17:39 | Build | Gate |
| 18:03 | Queue | Archer |
Build order — ~BroKen~
114 actions detected in the replay
| 0:01 | Queue | Villager (Male) |
| 0:01 | Queue | Villager (Male) |
| 0:02 | Build | House |
| 0:03 | Build | House |
| 0:47 | Queue | Villager (Male) |
| 0:48 | Queue | Villager (Male) |
| 0:48 | Queue | Villager (Male) |
| 1:27 | Queue | Villager (Male) |
| 1:39 | Queue | Villager (Male) |
| 2:14 | Queue | Villager (Male) |
| 2:24 | Research | Loom |
| 3:03 | Queue | Villager (Male) |
| 3:03 | Queue | Villager (Male) |
| 3:27 | Build | Lumber Camp |
| 3:38 | Queue | Villager (Male) |
| 3:38 | Queue | Villager (Male) |
| 3:56 | Build | Palisade Wall |
| 3:58 | Build | Palisade Wall |
| 3:59 | Build | Palisade Wall |
| 4:00 | Build | Palisade Wall |
| 4:05 | Build | Palisade Wall |
| 4:07 | Build | Palisade Wall |
| 4:38 | Queue | Villager (Male) |
| 4:38 | Queue | Villager (Male) |
| 4:38 | Queue | Villager (Male) |
| 4:38 | Queue | Villager (Male) |
| 5:01 | Build | House |
| 5:05 | Build | Palisade Wall |
| 5:06 | Build | Palisade Wall |
| 5:15 | Build | House |
| 5:17 | Build | Palisade Wall |
| 5:38 | Queue | Villager (Male) |
| 5:38 | Queue | Villager (Male) |
| 6:05 | Queue | Villager (Male) |
| 6:37 | Queue | Villager (Male) |
| 6:37 | Queue | Villager (Male) |
| 6:38 | Queue | Villager (Male) |
| 7:09 | Queue | Villager (Male) |
| 7:18 | Queue | Villager (Male) |
| 8:03 | Queue | Villager (Male) |
| 8:04 | Queue | Villager (Male) |
| 8:04 | Queue | Villager (Male) |
| 8:13 | Build | Lumber Camp |
| 8:50 | Build | House |
| 8:51 | Build | House |
| 9:13 | Queue | Villager (Male) |
| 9:14 | Queue | Villager (Male) |
| 9:14 | Queue | Villager (Male) |
| 9:20 | Build | Palisade Wall |
| 10:05 | Queue | Villager (Male) |
| 10:13 | Build | Mill |
| 10:32 | Build | Palisade Wall |
| 11:01 | Queue | Villager (Male) |
| 11:02 | Queue | Villager (Male) |
| 11:32 | Build | House |
| 11:37 | Build | Palisade Wall |
| 11:38 | Build | Palisade Wall |
| 11:39 | Build | Palisade Wall |
| 11:41 | Build | Palisade Wall |
| 12:07 | Queue | Villager (Male) |
| 12:07 | Queue | Villager (Male) |
| 12:07 | Queue | Villager (Male) |
| 12:29 | Queue | Villager (Male) |
| 12:36 | Build | Palisade Wall |
| 12:48 | Build | Mill |
| 12:56 | Build | Palisade Wall |
| 13:00 | Build | Palisade Wall |
| 13:02 | Build | Palisade Wall |
| 13:04 | Queue | Villager (Male) |
| 13:04 | Queue | Villager (Male) |
| 13:04 | Queue | Villager (Male) |
| 13:05 | Queue | Villager (Male) |
| 13:05 | Queue | Villager (Male) |
| 13:05 | Queue | Villager (Male) |
| 13:30 | Build | Farm |
| 13:37 | Build | Palisade Wall |
| 13:54 | Queue | Villager (Male) |
| 13:54 | Queue | Villager (Male) |
| 13:54 | Queue | Villager (Male) |
| 13:55 | Queue | Villager (Male) |
| 14:01 | Build | House |
| 14:02 | Build | House |
| 14:10 | Research | Feudal Age |
| 14:40 | Build | Mining Camp |
| 14:50 | Queue | Villager (Male) |
| 14:59 | Build | Farm |
| 15:02 | Build | Farm |
| 15:11 | Build | House |
| 15:54 | Build | Palisade Wall |
| 15:58 | Build | Palisade Wall |
| 16:06 | Build | Palisade Wall |
| 16:09 | Build | Palisade Wall |
| 16:12 | Build | Palisade Wall |
| 16:20 | Age | Feudal Age |
| 16:22 | Build | House |
| 16:30 | Build | House |
| 16:37 | Build | Watch Tower |
| 16:58 | Build | Stone Wall |
| 17:07 | Build | Farm |
| 17:09 | Build | Farm |
| 17:12 | Build | Farm |
| 17:17 | Build | Stone Wall |
| 17:19 | Queue | Villager (Male) |
| 17:20 | Queue | Villager (Male) |
| 17:20 | Queue | Villager (Male) |
| 17:20 | Queue | Villager (Male) |
| 17:35 | Build | Palisade Wall |
| 17:40 | Build | House |
| 17:42 | Build | Palisade Wall |
| 17:55 | Queue | Villager (Male) |
| 17:55 | Queue | Villager (Male) |
| 17:56 | Queue | Villager (Male) |
| 17:56 | Queue | Villager (Male) |
| 18:00 | Build | Palisade Wall |
Match timeline
| 3:56 | ~BroKen~ · wall_segment Palisade Wall x1 |
| 3:58 | ~BroKen~ · wall_segment Palisade Wall x1 |
| 3:59 | ~BroKen~ · wall_segment Palisade Wall x1 |
| 4:00 | ~BroKen~ · wall_segment Palisade Wall x1 |
| 4:05 | ~BroKen~ · wall_segment Palisade Wall x2 |
| 4:07 | ~BroKen~ · wall_segment Palisade Wall x1 |
| 4:18 | [CL] KleciusPrimeAOE · wall_segment Palisade Wall x1 |
| 5:05 | ~BroKen~ · wall_segment Palisade Wall x1 |
| 5:06 | ~BroKen~ · wall_segment Palisade Wall x1 |
| 5:13 | [CL] KleciusPrimeAOE · wall_segment Palisade Wall x1 |
| 5:17 | ~BroKen~ · wall_segment Palisade Wall x1 |
| 6:14 | [CL] KleciusPrimeAOE · wall_segment Palisade Wall x1 |
| 7:37 | [CL] KleciusPrimeAOE · wall_segment Palisade Wall x1 |
| 8:06 | [CL] KleciusPrimeAOE · wall_segment Palisade Wall x1 |
| 9:20 | ~BroKen~ · wall_segment Palisade Wall x7 |
| 10:32 | ~BroKen~ · wall_segment Palisade Wall x14 |
| 10:49 | [CL] KleciusPrimeAOE · wall_segment Palisade Wall x3 |
| 10:56 | [CL] KleciusPrimeAOE · wall_segment Palisade Wall x1 |
| 11:20 | [CL] KleciusPrimeAOE · first_building Barracks |
| 11:37 | ~BroKen~ · wall_segment Palisade Wall x1 |
| 11:38 | ~BroKen~ · wall_segment Palisade Wall x1 |
| 11:39 | ~BroKen~ · wall_segment Palisade Wall x1 |
| 11:41 | ~BroKen~ · wall_segment Palisade Wall x1 |
| 12:08 | [CL] KleciusPrimeAOE · wall_segment Palisade Wall x1 |
| 12:09 | [CL] KleciusPrimeAOE · wall_segment Palisade Wall x1 |
| 12:27 | [CL] KleciusPrimeAOE · age_up feudal |
| 12:30 | [CL] KleciusPrimeAOE · first_building Archery Range |
| 12:36 | ~BroKen~ · wall_segment Palisade Wall x16 |
| 12:39 | [CL] KleciusPrimeAOE · wall_segment Palisade Wall x1 |
| 12:56 | ~BroKen~ · wall_segment Palisade Wall x11 |
| 13:00 | ~BroKen~ · wall_segment Palisade Wall x12 |
| 13:02 | ~BroKen~ · wall_segment Palisade Wall x1 |
| 13:23 | [CL] KleciusPrimeAOE · wall_segment Palisade Wall x12 |
| 13:37 | ~BroKen~ · wall_segment Palisade Wall x16 |
| 14:56 | [CL] KleciusPrimeAOE · wall_segment Palisade Wall x7 |
| 15:54 | ~BroKen~ · wall_segment Palisade Wall x1 |
| 15:58 | ~BroKen~ · wall_segment Palisade Wall x1 |
| 16:06 | ~BroKen~ · wall_segment Palisade Wall x1 |
| 16:09 | ~BroKen~ · wall_segment Palisade Wall x1 |
| 16:12 | ~BroKen~ · wall_segment Palisade Wall x1 |
| 16:20 | ~BroKen~ · age_up feudal |
| 16:58 | ~BroKen~ · wall_segment Stone Wall x1 |
| 17:17 | ~BroKen~ · wall_segment Stone Wall x11 |
| 17:35 | ~BroKen~ · wall_segment Palisade Wall x1 |
| 17:38 | [CL] KleciusPrimeAOE · wall_segment Palisade Wall x3 |
| 17:42 | ~BroKen~ · wall_segment Palisade Wall x1 |
| 18:00 | ~BroKen~ · wall_segment Palisade Wall x1 |
| 18:16 | ~BroKen~ · resign |
[ AI ANALYSIS · 1 CREDIT ]
What really happened in this match?
Wolo.gg analyzes every decision: build order, eco, micro, common mistakes by bracket. Personalized analysis on WhatsApp or Discord in 30 seconds.
Civ guide
Lithuanians
Perfil
Jugador #559189